2974 views
Uploaded 2020-02-23 17:10:17
Game version 1.32 / 1.32.1
16:10 long 4on4 ladder game on (8)MarketSquare
Saved by Teelo
2974 views
Uploaded 2020-02-23 17:10:17
Game version 1.32 / 1.32.1
16:10 long 4on4 ladder game on (8)MarketSquare


145 units @ 18.4k
/ 1.5k
47 buildings @ 8.3k
/ 2.9k

| Healing Salve | 2 | 200 |
| Lesser Clarity Potion | 3 | 210 |
| total: | 5 | 410g |
| Peon | 12 | 900 | / | 0 |
| Grunt | 4 | 800 | / | 0 |
| Troll Headhunter | 14 | 1960 | / | 280 |
| Kodo Beast | 3 | 765 | / | 180 |
| Troll Berserker | 6 | 840 | / | 120 |
| Shaman | 4 | 520 | / | 80 |
| total: | 43 | 5785g | / | 660w |
| Altar of Storms | 1 | 180 | / | 50 |
| Barracks | 1 | 180 | / | 50 |
| Orc Burrow | 6 | 960 | / | 240 |
| War Mill | 1 | 205 | / | 0 |
| Voodoo Lounge | 1 | 130 | / | 30 |
| Spirit Lodge | 1 | 150 | / | 150 |
| Beastiary | 1 | 145 | / | 140 |
| Stronghold | 2 | 630 | / | 380 |
| Fortress | 3 | 975 | / | 570 |
| total: | 12 | 1950g | / | 660w |
| 0:04 | Peon |
| 0:05 | Peon |
| 0:06 | Altar of Storms |
| 0:21 | Barracks |
| 0:31 | Peon |
| 0:37 | Orc Burrow |
| 0:47 | Peon |
| 1:01 | War Mill |
| 1:10 | Peon |
| 1:10 | Peon |
| 1:25 | Peon |
| 1:28 | Grunt |
| 1:28 | Grunt |
| 1:35 | Peon |
| 1:56 | Orc Burrow |
| 2:09 | Grunt |
| 2:09 | Grunt |
| 2:29 | Troll Headhunter |
| 2:31 | Summon Lava Spawn |
| 2:54 | Troll Headhunter |
| 2:55 | Peon |
| 2:56 | Peon |
| 3:13 | Voodoo Lounge |
| 3:27 | Troll Headhunter |
| 3:44 | Troll Headhunter |
| 3:52 | Orc Burrow |
| 4:04 | Troll Headhunter |
| 4:04 | Troll Headhunter |
| 4:43 | Stronghold |
| 4:53 | Soul Burn |
| 4:56 | Troll Headhunter |
| 5:21 | Troll Headhunter |
| 5:40 | Troll Headhunter |
| 5:46 | Healing Salve |
| 5:47 | Lesser Clarity Potion |
| 5:49 | Healing Salve |
| 5:49 | Lesser Clarity Potion |
| 5:51 | Lesser Clarity Potion |
| 6:27 | Troll Headhunter |
| 6:51 | Troll Headhunter |
| 6:55 | Summon Lava Spawn |
| 7:05 | Fortress |
| 7:28 | Troll Headhunter |
| 7:28 | Troll Regeneration |
| 7:31 | Steel Ranged Weapons |
| 7:31 | Thorium Ranged Weapons |
| 7:59 | Spirit Lodge |
| 8:01 | Beastiary |
| 8:35 | Orc Burrow |
| 8:37 | Troll Headhunter |
| 8:41 | Soul Burn |
| 8:58 | Troll Headhunter |
| 9:12 | Kodo Beast |
| 9:28 | Berserker Upgrade |
| 9:42 | Witch Doctor Adept Training |
| 9:43 | Shaman Adept Training |
| 9:47 | Peon |
| 9:47 | Peon |
| 10:12 | Troll Berserker |
| 10:18 | War Drums Damage Increase |
| 10:20 | Troll Berserker |
| 10:24 | Summon Lava Spawn |
| 10:44 | Troll Berserker |
| 11:07 | Shaman Master Training |
| 11:07 | Shaman |
| 11:22 | Kodo Beast |
| 11:25 | Troll Berserker |
| 11:29 | Troll Berserker |
| 11:47 | Shaman |
| 12:20 | Troll Berserker |
| 12:41 | Volcano |
| 12:44 | Kodo Beast |
| 12:53 | Arcanite Ranged Weapons |
| 12:54 | Orc Burrow |
| 14:25 | Shaman |
| 14:41 | Orc Burrow |
| 15:10 | Shaman |
| Right click | 1221 |
| Select | 560 |
| Chat | 157 |
| Misc. action | 135 |
| Build/train/purchase | 119 |
| Select group | 64 |
| Use ability | 21 |
| Esc | 8 |
| Assign group | 4 |
| Minimap ping | 1 |


| Healing Salve | 8 | 800 |
| Lesser Clarity Potion | 4 | 280 |
| Scroll of Speed | 4 | 200 |
| Potion of Healing | 1 | 150 |
| Orb of Lightning | 1 | 375 |
| Scroll of Town Portal | 3 | 1050 |
| Scroll of Healing | 1 | 250 |
| total: | 22 | 3105g |
| Peon | 22 | 1650 | / | 0 |
| Grunt | 9 | 1800 | / | 0 |
| Raider | 5 | 900 | / | 200 |
| total: | 36 | 4350g | / | 200w |
| Altar of Storms | 1 | 180 | / | 50 |
| Orc Burrow | 6 | 960 | / | 240 |
| Barracks | 1 | 180 | / | 50 |
| Voodoo Lounge | 3 | 390 | / | 90 |
| War Mill | 1 | 205 | / | 0 |
| Great Hall | 2 | 770 | / | 370 |
| Beastiary | 3 | 435 | / | 420 |
| Stronghold | 1 | 315 | / | 190 |
| Fortress | 1 | 325 | / | 190 |
| total: | 17 | 3120g | / | 1220w |
| 0:03 | Peon |
| 0:03 | Peon |
| 0:05 | Altar of Storms |
| 0:20 | Orc Burrow |
| 0:21 | Peon |
| 0:39 | Barracks |
| 0:51 | Peon |
| 0:53 | Peon |
| 1:14 | Peon |
| 1:38 | Orc Burrow |
| 1:42 | Grunt |
| 1:42 | Grunt |
| 1:58 | Peon |
| 1:58 | Peon |
| 2:07 | Feral Spirit |
| 2:30 | Grunt |
| 2:34 | Stronghold |
| 2:35 | Grunt |
| 2:35 | Grunt |
| 3:17 | Grunt |
| 3:18 | Voodoo Lounge |
| 4:14 | Grunt |
| 4:16 | Voodoo Lounge |
| 4:58 | Orc Burrow |
| 5:20 | Beastiary |
| 5:21 | Peon |
| 5:23 | Voodoo Lounge |
| 5:51 | Peon |
| 5:51 | Peon |
| 5:53 | Grunt |
| 6:17 | Pillage |
| 6:25 | Raider |
| 6:46 | Ensnare |
| 6:49 | War Mill |
| 7:04 | Orc Burrow |
| 7:40 | Chain Lighting |
| 7:52 | Scroll of Town Portal |
| 7:52 | Scroll of Healing |
| 8:41 | Great Hall |
| 9:18 | Feral Spirit |
| 9:40 | Raider |
| 9:46 | Shockwave |
| 9:49 | Grunt |
| 9:50 | Berserker Strength |
| 10:10 | Healing Salve |
| 10:10 | Healing Salve |
| 10:10 | Healing Salve |
| 10:31 | Raider |
| 11:28 | Endurance Aura |
| 12:01 | Peon |
| 12:01 | Peon |
| 12:01 | Peon |
| 12:01 | Peon |
| 12:03 | Beastiary |
| 12:04 | Beastiary |
| 12:05 | Steel Melee Weapons |
| 12:05 | Steel Armor |
| 12:06 | Raider |
| 12:14 | Shockwave |
| 12:28 | Great Hall |
| 13:06 | Fortress |
| 13:08 | Orc Burrow |
| 13:09 | Thorium Melee Weapons |
| 13:58 | Healing Salve |
| 13:58 | Healing Salve |
| 13:58 | Healing Salve |
| 13:58 | Lesser Clarity Potion |
| 14:16 | Scroll of Town Portal |
| 14:16 | Lesser Clarity Potion |
| 14:16 | Scroll of Speed |
| 14:18 | Potion of Healing |
| 14:30 | Raider |
| 14:33 | Orc Burrow |
| 15:20 | Healing Salve |
| 15:20 | Lesser Clarity Potion |
| 15:20 | Scroll of Speed |
| 15:32 | Orb of Lightning |
| 15:32 | Scroll of Town Portal |
| 15:32 | Healing Salve |
| 15:32 | Lesser Clarity Potion |
| 15:33 | Scroll of Speed |
| 15:34 | Scroll of Speed |
| 15:39 | Peon |
| 15:39 | Peon |
| 15:50 | Peon |
| 15:50 | Peon |
| 15:50 | Peon |
| 15:51 | Peon |
| 15:51 | Peon |
| 16:08 | Chain Lighting |
| Right click | 957 |
| Chat | 555 |
| Select | 381 |
| Select group | 162 |
| Assign group | 108 |
| Build/train/purchase | 105 |
| Misc. action | 91 |
| Use ability | 56 |
| Minimap ping | 7 |
| Item give/drop | 2 |
| Remove unit | 2 |

| Potion of Healing | 1 | 150 |
| total: | 1 | 150g |
| Wisp | 10 | 600 | / | 0 |
| Archer | 18 | 2340 | / | 180 |
| total: | 28 | 2940g | / | 180w |
| Altar of Elders | 1 | 180 | / | 50 |
| Moon Well | 3 | 540 | / | 120 |
| Ancient of War | 2 | 300 | / | 120 |
| total: | 6 | 1020g | / | 290w |
| 0:02 | Wisp |
| 0:02 | Wisp |
| 0:03 | Wisp |
| 0:26 | Altar of Elders |
| 0:31 | Wisp |
| 0:35 | Moon Well |
| 0:51 | Ancient of War |
| 0:53 | Wisp |
| 1:08 | Wisp |
| 1:08 | Wisp |
| 1:29 | Wisp |
| 1:47 | Ancient of War |
| 1:58 | Archer |
| 2:05 | Moon Well |
| 2:20 | Wisp |
| 2:20 | Wisp |
| 2:23 | Moon Well |
| 3:00 | Archer |
| 3:05 | Force of Nature |
| 3:16 | Archer |
| 3:17 | Archer |
| 3:37 | Archer |
| 3:37 | Archer |
| 3:39 | Archer |
| 3:39 | Archer |
| 3:58 | Archer |
| 4:30 | Archer |
| 4:31 | Archer |
| 4:32 | Archer |
| 5:14 | Archer |
| 5:14 | Archer |
| 5:50 | Archer |
| 5:50 | Archer |
| 5:59 | Potion of Healing |
| 6:16 | Archer |
| 6:16 | Archer |
| Chat | 456 |
| Right click | 312 |
| Select | 118 |
| Select group | 63 |
| Build/train/purchase | 35 |
| Misc. action | 20 |
| Assign group | 17 |
| Use ability | 9 |
| Item give/drop | 2 |
| Esc | 1 |

| Lesser Clarity Potion | 4 | 280 |
| Dust of Appearance | 1 | 75 |
| Scroll of Healing | 2 | 500 |
| Scroll of Town Portal | 3 | 1050 |
| Healing Salve | 1 | 100 |
| Scroll of Speed | 1 | 50 |
| total: | 12 | 2055g |
| Wisp | 15 | 900 | / | 0 |
| Huntress | 22 | 4290 | / | 440 |
| Archer | 1 | 130 | / | 10 |
| total: | 38 | 5320g | / | 450w |
| Altar of Elders | 1 | 180 | / | 50 |
| Moon Well | 6 | 1080 | / | 240 |
| Ancient of War | 2 | 300 | / | 120 |
| Hunter's Hall | 1 | 210 | / | 100 |
| Ancient of Wonders | 1 | 90 | / | 30 |
| Tree of Life | 1 | 340 | / | 185 |
| Tree of Ages | 3 | 960 | / | 540 |
| Tree of Eternity | 1 | 330 | / | 200 |
| total: | 12 | 2200g | / | 725w |
| 0:02 | Wisp |
| 0:02 | Wisp |
| 0:07 | Altar of Elders |
| 0:15 | Moon Well |
| 0:38 | Wisp |
| 0:38 | Wisp |
| 0:47 | Wisp |
| 0:47 | Wisp |
| 1:06 | Wisp |
| 1:31 | Wisp |
| 1:54 | Ancient of War |
| 1:56 | Hunter's Hall |
| 2:00 | Moon Well |
| 2:16 | Wisp |
| 2:17 | Ancient of War |
| 2:27 | Entangling Roots |
| 2:31 | Wisp |
| 2:32 | Ancient of Wonders |
| 3:17 | Huntress |
| 3:22 | Huntress |
| 3:49 | Lesser Clarity Potion |
| 3:49 | Lesser Clarity Potion |
| 3:50 | Dust of Appearance |
| 3:50 | Huntress |
| 4:06 | Moon Well |
| 4:11 | Strength of the Moon |
| 4:27 | Healing Salve |
| 4:28 | Scroll of Speed |
| 4:50 | Huntress |
| 5:41 | Huntress |
| 5:47 | Force of Nature |
| 5:56 | Tree of Ages |
| 5:56 | Tree of Ages |
| 6:41 | Huntress |
| 7:14 | Archer |
| 7:43 | Huntress |
| 8:15 | Moon Well |
| 8:16 | Huntress |
| 8:23 | Entangling Roots |
| 8:25 | Improved Bows |
| 8:26 | Moon Glaive |
| 8:55 | Scroll of Healing |
| 8:55 | Scroll of Healing |
| 9:33 | Huntress |
| 9:40 | Force of Nature |
| 10:09 | Lesser Clarity Potion |
| 10:10 | Lesser Clarity Potion |
| 10:17 | Improved Strength of the Moon |
| 10:18 | Huntress |
| 10:18 | Huntress |
| 10:48 | Tree of Life |
| 11:04 | Huntress |
| 11:34 | Huntress |
| 11:45 | Scroll of Town Portal |
| 11:45 | Scroll of Town Portal |
| 11:45 | Scroll of Town Portal |
| 12:01 | Huntress |
| 12:14 | Force of Nature |
| 12:21 | Huntress |
| 12:34 | Huntress |
| 12:34 | Huntress |
| 13:21 | Wisp |
| 13:21 | Wisp |
| 13:21 | Wisp |
| 13:21 | Wisp |
| 13:22 | Wisp |
| 13:30 | Tranquility |
| 13:35 | Huntress |
| 14:02 | Huntress |
| 14:37 | Tree of Eternity |
| 14:38 | Huntress |
| 14:40 | Entangling Roots |
| 14:49 | Thorns Aura |
| 15:11 | Moon Well |
| 15:13 | Moon Armor |
| 15:13 | Improved Moon Armor |
| 15:42 | Huntress |
| 15:43 | Huntress |
| 15:45 | Moon Well |
| Right click | 961 |
| Chat | 705 |
| Select | 324 |
| Select group | 146 |
| Misc. action | 104 |
| Build/train/purchase | 94 |
| Assign group | 57 |
| Use ability | 37 |
| Minimap ping | 6 |
| Resource trade | 5 |
| Item give/drop | 1 |
| Esc | 1 |
134 units @ 17.5k
/ 1.6k
54 buildings @ 7.7k
/ 3.5k

| Peasant | 6 | 450 | / | 0 |
| Footman | 3 | 405 | / | 0 |
| Rifleman | 14 | 2870 | / | 420 |
| Priest | 2 | 270 | / | 20 |
| total: | 25 | 3995g | / | 440w |
| Scout Tower | 3 | 90 | / | 60 |
| Arcane Tower | 2 | 140 | / | 100 |
| Altar of Kings | 1 | 180 | / | 50 |
| Barracks | 1 | 160 | / | 60 |
| Farm | 6 | 480 | / | 120 |
| Blacksmith | 1 | 140 | / | 60 |
| Arcane Sanctum | 2 | 300 | / | 280 |
| Keep | 1 | 320 | / | 210 |
| total: | 14 | 1350g | / | 630w |
| 0:03 | Altar of Kings |
| 0:07 | Peasant |
| 0:07 | Peasant |
| 0:10 | Barracks |
| 0:34 | Peasant |
| 0:49 | Peasant |
| 0:53 | Farm |
| 1:07 | Peasant |
| 1:15 | Footman |
| 1:29 | Footman |
| 1:40 | Peasant |
| 1:48 | Farm |
| 1:58 | Farm |
| 2:07 | Blacksmith |
| 2:17 | Footman |
| 2:36 | Summon Water Elemental |
| 3:36 | Rifleman |
| 3:36 | Rifleman |
| 3:40 | Keep |
| 4:28 | Rifleman |
| 4:38 | Black Gunpowder |
| 4:58 | Brilliance Aura |
| 5:46 | Rifleman |
| 5:46 | Rifleman |
| 6:00 | Studded Leather Armor |
| 6:05 | Arcane Sanctum |
| 6:45 | Arcane Sanctum |
| 6:49 | Scout Tower |
| 6:50 | Scout Tower |
| 6:54 | Farm |
| 7:37 | Priest |
| 7:40 | Priest |
| 7:41 | Priest Adept Training |
| 8:00 | Scout Tower |
| 8:04 | Priest Master Training |
| 8:12 | Farm |
| 8:29 | Arcane Tower |
| 9:29 | Summon Water Elemental |
| 10:17 | Farm |
| 10:32 | Rifleman |
| 10:32 | Rifleman |
| 10:32 | Rifleman |
| 10:34 | Long Rifles |
| 10:35 | Rifleman |
| 10:35 | Rifleman |
| 10:35 | Rifleman |
| 11:10 | Arcane Tower |
| 12:31 | Brilliance Aura |
| 14:04 | Rifleman |
| 14:04 | Rifleman |
| 14:04 | Rifleman |
| Right click | 638 |
| Select | 184 |
| Select group | 143 |
| Build/train/purchase | 59 |
| Assign group | 20 |
| Resource trade | 9 |
| Use ability | 6 |
| Remove unit | 5 |
| Misc. action | 3 |
| Esc | 1 |


| Healing Salve | 2 | 200 |
| Lesser Clarity Potion | 1 | 70 |
| Scroll of Speed | 2 | 100 |
| Potion of Lesser Invulnerability | 1 | 150 |
| total: | 6 | 520g |
| Peon | 8 | 600 | / | 0 |
| Grunt | 4 | 800 | / | 0 |
| Wind Rider | 4 | 1060 | / | 160 |
| Raider | 1 | 180 | / | 40 |
| Tauren | 3 | 840 | / | 240 |
| total: | 20 | 3480g | / | 440w |
| Altar of Storms | 1 | 180 | / | 50 |
| Orc Burrow | 4 | 640 | / | 160 |
| Barracks | 1 | 180 | / | 50 |
| Voodoo Lounge | 1 | 130 | / | 30 |
| War Mill | 1 | 205 | / | 0 |
| Beastiary | 2 | 290 | / | 280 |
| Tauren Totem | 2 | 270 | / | 310 |
| Stronghold | 1 | 315 | / | 190 |
| Fortress | 1 | 325 | / | 190 |
| total: | 12 | 1895g | / | 880w |
| 0:02 | Peon |
| 0:02 | Peon |
| 0:05 | Altar of Storms |
| 0:06 | Orc Burrow |
| 0:20 | Peon |
| 0:37 | Barracks |
| 0:45 | Peon |
| 1:02 | Peon |
| 1:23 | Peon |
| 1:25 | Peon |
| 1:28 | Orc Burrow |
| 1:42 | Grunt |
| 1:45 | Peon |
| 2:07 | Voodoo Lounge |
| 2:19 | Grunt |
| 2:24 | Wind Walk |
| 3:34 | Stronghold |
| 3:35 | Grunt |
| 4:08 | Healing Salve |
| 4:08 | Lesser Clarity Potion |
| 4:09 | Scroll of Speed |
| 4:32 | Grunt |
| 5:00 | War Mill |
| 5:22 | Critical Strike |
| 6:19 | Beastiary |
| 6:21 | Beastiary |
| 6:26 | Orc Burrow |
| 7:23 | Wind Rider |
| 7:40 | Wind Rider |
| 8:07 | Wind Rider |
| 8:33 | Potion of Lesser Invulnerability |
| 8:50 | Wind Walk |
| 9:14 | Healing Wave |
| 9:20 | Healing Salve |
| 9:38 | Wind Rider |
| 9:41 | Orc Burrow |
| 10:08 | Fortress |
| 10:12 | Raider |
| 10:13 | Ensnare |
| 10:57 | Hex |
| 11:36 | Tauren Totem |
| 11:37 | Tauren Totem |
| 12:17 | Healing Wave |
| 13:19 | Tauren |
| 13:20 | Pulverize |
| 13:34 | Tauren |
| 13:35 | Tauren |
| 13:41 | Scroll of Speed |
| Right click | 537 |
| Select | 364 |
| Misc. action | 182 |
| Build/train/purchase | 63 |
| Chat | 32 |
| Select group | 31 |
| Use ability | 20 |
| Resource trade | 9 |
| Minimap ping | 3 |
| Assign group | 2 |
| Remove unit | 1 |

| Wisp | 15 | 900 | / | 0 |
| Archer | 16 | 2080 | / | 160 |
| Huntress | 8 | 1560 | / | 160 |
| total: | 39 | 4540g | / | 320w |
| Ancient Protector | 2 | 270 | / | 160 |
| Ancient of War | 1 | 150 | / | 60 |
| Moon Well | 4 | 720 | / | 160 |
| Altar of Elders | 1 | 180 | / | 50 |
| Hunter's Hall | 1 | 210 | / | 100 |
| Ancient of Lore | 1 | 155 | / | 145 |
| Tree of Ages | 1 | 320 | / | 180 |
| total: | 10 | 1685g | / | 675w |
| 0:07 | Wisp |
| 0:07 | Wisp |
| 0:07 | Wisp |
| 0:07 | Wisp |
| 0:07 | Wisp |
| 0:07 | Wisp |
| 0:08 | Wisp |
| 0:08 | Wisp |
| 0:08 | Wisp |
| 0:41 | Ancient of War |
| 0:54 | Wisp |
| 0:55 | Wisp |
| 1:09 | Moon Well |
| 1:22 | Altar of Elders |
| 2:03 | Moon Well |
| 2:12 | Archer |
| 2:12 | Archer |
| 2:12 | Archer |
| 2:12 | Archer |
| 2:13 | Archer |
| 2:38 | Moon Well |
| 3:03 | Hunter's Hall |
| 3:35 | Moon Well |
| 3:56 | Shadow Strike |
| 5:07 | Huntress |
| 5:07 | Huntress |
| 5:07 | Huntress |
| 5:07 | Huntress |
| 5:12 | Strength of the Moon |
| 5:12 | Moon Armor |
| 6:39 | Ancient Protector |
| 6:49 | Archer |
| 6:49 | Archer |
| 6:49 | Archer |
| 6:50 | Archer |
| 8:10 | Wisp |
| 8:11 | Wisp |
| 8:50 | Ancient Protector |
| 8:54 | Tree of Ages |
| 9:05 | Archer |
| 9:05 | Archer |
| 9:05 | Archer |
| 9:07 | Huntress |
| 9:07 | Huntress |
| 11:33 | Ancient of Lore |
| 11:47 | Archer |
| 11:47 | Archer |
| 11:48 | Archer |
| 11:48 | Archer |
| 11:48 | Moon Glaive |
| 11:49 | Huntress |
| 11:49 | Huntress |
| 11:52 | Improved Strength of the Moon |
| 11:52 | Improved Moon Armor |
| 12:02 | Wisp |
| 12:03 | Wisp |
| 12:20 | Fan of Knives |
| 13:20 | Shadow Strike |
| Right click | 331 |
| Select | 200 |
| Build/train/purchase | 54 |
| Resource trade | 21 |
| Use ability | 11 |
| Select group | 3 |
| Assign group | 2 |


| Wisp | 30 | 1800 | / | 0 |
| Archer | 3 | 390 | / | 30 |
| Huntress | 16 | 3120 | / | 320 |
| Priest | 1 | 135 | / | 10 |
| total: | 50 | 5445g | / | 360w |
| Moon Well | 4 | 720 | / | 160 |
| Altar of Elders | 2 | 360 | / | 100 |
| Ancient of War | 2 | 300 | / | 120 |
| Hunter's Hall | 1 | 210 | / | 100 |
| Ancient of Wonders | 5 | 450 | / | 150 |
| Tree of Life | 1 | 340 | / | 185 |
| Ancient of Lore | 1 | 155 | / | 145 |
| Chimaera Roost | 2 | 280 | / | 380 |
| Tree of Ages | 1 | 320 | / | 180 |
| Tree of Eternity | 1 | 330 | / | 200 |
| total: | 18 | 2815g | / | 1340w |
| 0:03 | Wisp |
| 0:12 | Moon Well |
| 0:16 | Altar of Elders |
| 0:18 | Wisp |
| 0:34 | Wisp |
| 0:51 | Ancient of War |
| 1:07 | Wisp |
| 1:24 | Wisp |
| 1:41 | Hunter's Hall |
| 1:47 | Wisp |
| 1:56 | Archer |
| 1:56 | Archer |
| 2:03 | Wisp |
| 2:03 | Wisp |
| 2:17 | Force of Nature |
| 2:23 | Archer |
| 2:35 | Moon Well |
| 3:27 | Huntress |
| 3:31 | Ancient of Wonders |
| 3:39 | Ancient of Wonders |
| 3:41 | Wisp |
| 3:41 | Wisp |
| 3:43 | Ultravision |
| 4:02 | Huntress |
| 4:07 | Wisp |
| 4:33 | Wisp |
| 4:51 | Tree of Life |
| 4:59 | Entangling Roots |
| 5:06 | Huntress |
| 5:09 | Entangling Roots |
| 5:31 | Huntress |
| 5:33 | Tree of Ages |
| 6:31 | Huntress |
| 6:31 | Huntress |
| 6:36 | Ancient of War |
| 6:43 | Strength of the Moon |
| 7:33 | Wisp |
| 7:33 | Wisp |
| 7:34 | Wisp |
| 7:34 | Wisp |
| 7:35 | Wisp |
| 7:36 | Huntress |
| 8:39 | Huntress |
| 8:43 | Wisp |
| 8:44 | Wisp |
| 8:44 | Wisp |
| 8:50 | Moon Armor |
| 9:32 | Force of Nature |
| 9:36 | Altar of Elders |
| 9:38 | Huntress |
| 9:43 | Huntress |
| 9:44 | Moon Glaive |
| 9:45 | Wisp |
| 9:46 | Wisp |
| 9:46 | Wisp |
| 10:05 | Huntress |
| 10:10 | Wisp |
| 10:10 | Wisp |
| 10:10 | Wisp |
| 10:16 | Entangling Roots |
| 10:27 | Ancient of Wonders |
| 10:32 | Huntress |
| 10:37 | Huntress |
| 10:44 | Moon Well |
| 11:44 | Moon Well |
| 11:45 | Tree of Eternity |
| 11:54 | Huntress |
| 12:01 | Huntress |
| 12:13 | Improved Strength of the Moon |
| 13:07 | Ancient of Lore |
| 13:54 | Ancient of Wonders |
| 13:57 | Ancient of Wonders |
| 14:08 | Huntress |
| 14:17 | Advanced Strength of the Moon |
| 14:20 | Wisp |
| 14:20 | Wisp |
| 14:20 | Wisp |
| 14:20 | Wisp |
| 14:24 | Chimaera Roost |
| 15:33 | Priest |
| 15:37 | Trueshot Aura |
| 15:55 | Chimaera Roost |
| Right click | 503 |
| Select | 308 |
| Build/train/purchase | 78 |
| Use ability | 68 |
| Resource trade | 9 |
| Minimap ping | 7 |
| Remove unit | 1 |
⇛